 Dungeon Crawl Stone Soup version 0.31.0-11-ge490571c62 (webtiles) character file.

Game seed: 10087870677950611626

510 Arcadio the Trooper (level 7, -2/44 HPs)
             Began as a Gargoyle Gladiator on Feb 3, 2024.
             Engulfed by a steam dragon's steam (5 damage)
             ... on level 5 of the Dungeon.
             The game lasted 00:04:49 (3379 turns).

Arcadio the Trooper (Gargoyle Gladiator)            Turns: 3379, Time: 00:04:50

Health: -2/44      AC: 17    Str: 20    XL:     7   Next: 19%
Magic:  7/7        EV:  8    Int: 14    God:
Gold:   189        SH:  0    Dex: 11    Spells: 6/6 levels left

rFire   . . .        a - +0 flail
rCold   . . .        (no shield)
rNeg    + . .        A - +0 chain mail
rPois   ∞            c - +0 helmet
rElec   +            z - +0 cloak
rCorr   .            (no gloves)
SInv    .            g - +0 pair of boots
Will    .....        (no amulet) Stlth
                     t - +6 ring of intelligence
HPRegen 0.27/turn    (no ring)
MPRegen 0.10/turn

%: no passive effects
@: hasted, studying Stealth, very quick
A: sickness immunity, AC +4, negative energy resistance 1, electricity
resistance, torment resistance 1, petrification resistance
a: no special abilities


You were on level 5 of the Dungeon.
You visited 1 branch of the dungeon, and saw 5 of its levels.

You collected 189 gold pieces.

Inventory:

Hand Weapons
 a - a +0 flail (weapon)
Missiles
 d - 3 throwing nets (quivered)
 e - 9 javelins
Armour
 b - a +0 leather armour
 c - a +0 helmet (worn)
 g - a +0 pair of boots (worn)
 x - a +0 ring mail
 z - a +0 cloak (worn)
 A - a +0 chain mail (worn)
Jewellery
 t - a +6 ring of intelligence (left hand)
 u - an amulet of guardian spirit
Wands
 w - a wand of paralysis (11)
Scrolls
 f - a scroll of noise {unknown}
 h - a scroll of vulnerability {unknown}
 i - a scroll of immolation {unknown}
 m - a scroll of enchant weapon {unknown}
 n - a scroll of silence {unknown}
 r - 2 scrolls of identify
 v - 2 scrolls of fear {unknown}
 y - a scroll of enchant armour {unknown}
Potions
 j - 3 potions of haste
 k - a potion of berserk rage {unknown}
 l - a potion of resistance {unknown}
 o - a potion of cancellation {unknown}
 p - a potion of might {unknown}
 q - 3 potions of curing
 s - a potion of attraction {unknown}


   Skills:
 + Level 5.2 Fighting
 + Level 5.1 Maces & Flails
 - Level 1.7 Throwing
 + Level 4.3 Armour
 - Level 2.4 Dodging


You had 6 spell levels left.
You didn't know any spells.
Your spell library contained the following spells:

 Spells                   Type           Power      Damage    Failure   Level
 Mercury Vapours          Alch/Air       0%         N/A       97%         2
 Mephitic Cloud           Conj/Alch/Air  0%         N/A       99%         3
 Freezing Cloud           Conj/Ice/Air   0%         6-21      100%        5


Dungeon Overview and Level Annotations

Branches:
Dungeon (5/15)
 Temple: D:4-7

Altars:

Shops:
D:2 :


Innate Abilities, Weirdness & Mutations

You are immune to sickness and miasma.
Your stone body is resilient. (AC +4)
You are immune to poison.
You resist negative energy. (rN+)
You are resistant to electric shocks. (rElec)
You are resistant to unholy torment.
You are immune to petrification.


Message History

You hit the steam dragon.
The steam dragon is lightly wounded.
The steam dragon bites you.
The steam dragon claws you but does no damage.
You hit the steam dragon but do no damage.
The steam dragon is lightly wounded.
The steam dragon bites you but does no damage.
The steam dragon claws you but does no damage.
You hit the steam dragon but do no damage.
The steam dragon is lightly wounded.
The steam dragon breathes steam at you. The ball of steam hits you!!
Ouch! That really hurt!
* * * LOW HITPOINT WARNING * * *
You closely miss the steam dragon.
The steam dragon is lightly wounded.
You are engulfed in a cloud of scalding steam.
The steam dragon bites you but does no damage.
The steam dragon claws you but does no damage.
The steam dragon bites you but does no damage.
The steam dragon claws you but does no damage.
Unknown command.
The steam dragon bites you but does no damage.
The steam dragon claws you but does no damage.
There is an open door here.
The steam dragon attacks as it pursues you!
The steam dragon bites you but does no damage.
The steam dragon claws you but does no damage.
Sorry, you're not good enough to have a special ability.
You feel better.
The steam dragon bites you but does no damage.
The steam dragon claws you.
Sorry, you're not good enough to have a special ability.
Unknown command.
You feel yourself speed up. The steam dragon breathes steam at you.
The ball of steam hits you!
* * * LOW HITPOINT WARNING * * *
You are engulfed in a cloud of scalding steam.
You die...

###.#### #......#
#......# #### .##
#.#.##.# # #.#.##.#
#+## ##.#.##.#
#...## ........#
#.....# .#.#.##.##
##.......
#......§####........
###....§§@§D.....?..
##...§####........
#.#.## ##.......
#.#.# #.....# ....#
#...## ##.### #+##
#. #


You could see a steam dragon (catching breath).

Vanquished Creatures
  Sigmund (D:2)
  An ogre (D:4)
  An orc priest (D:3)
  2 orc wizards (D:3)
  7 adders
  A white imp (D:4)
  A ribbon worm (D:4)
  4 dart slugs
  6 orcs
  8 endoplasms
  4 giant cockroaches
  7 goblins
  10 hobgoblins
  12 jackals
  7 quokkas
  A ball python (D:3)
  6 bats
  A frilled lizard (D:1)
  3 kobolds
  5 rats
88 creatures vanquished.

Notes
Turn   | Place    | Note
-------+----------+-------------------------------------------
     0 | D:1      | Arcadio the Gargoyle Gladiator began the quest for the Orb.
     0 | D:1      | Reached XP level 1. HP: 12/12 MP: 1/1
    52 | D:1      | Reached XP level 2. HP: 15/18 MP: 2/2
    63 | D:1      | Reached skill level 1 in Armour
   257 | D:1      | Reached XP level 3. HP: 22/22 MP: 3/3
   626 | D:2      | Noticed Sigmund
   799 | D:2      | Reached XP level 4. HP: 22/28 MP: 4/4
   956 | D:2      | Killed Sigmund
   957 | D:2      | Reached XP level 5. HP: 26/33 MP: 5/5
   957 | D:2      | Reached XP level 6. HP: 30/38 MP: 6/6
  1022 | D:2      | Found Cots's Book Emporium.
  2736 | D:4      | Reached skill level 5 in Fighting
  2736 | D:4      | Reached skill level 5 in Maces & Flails
  2736 | D:4      | Reached XP level 7. HP: 44/44 MP: 7/7
  3138 | D:5      | Entered Level 5 of the Dungeon
  3362 | D:5      | Noticed a steam dragon
  3379 | D:5      | Engulfed by a steam dragon's steam

Illustrated notes

Levels and vault maps discovered:
D:1:      lightli_arrival_windingriver, layout_rooms, minmay_tree_intersection
D:2:      layout_rooms, serial_shops, shop, uniq_sigmund
D:3:      layout_basic, eino_curves_03, hangedman_abyss_or_decor_lesser_grid
D:4:      layout_rooms
D:5:      layout_loops_corners, grunt_decor_mini_mirrors, uniq_menkaure

Skill      XL: |  1  2  3  4  5  6 |
---------------+-------------------+-----
Armour         | 1 3 4 |  4.3
Fighting       | 3 4 5 |  5.2
Maces & Flails | 4 5 |  5.1
Throwing       | |  1.7
Dodging        | |  2.4

Action                     |  1- 3 |  4- 6 |  7- 9 || total
---------------------------+-------+-------+-------++-------
  Melee: Flail             |   109 |   220 |    51 ||   380
         Punch             |     1 |     2 |       ||     3
    Use: Scroll            |       |     3 |       ||     3
         Potion            |       |       |     2 ||     2
 Armour: Leather armour    |    76 |   149 |    19 ||   244
         Chain mail        |       |       |    31 ||    31
         Ring mail         |       |       |     5 ||     5
  Dodge: Dodged            |    92 |   150 |    29 ||   271
